 Dungeon Crawl Stone Soup version 0.30.0-5-g1a98f26d00 (webtiles) character file.

Game seed: 15858060797662436298

959 hawla the Firebug (level 8, -1/58 HPs)
             Began as a Meteoran Fire Elementalist on May 9, 2023.
             Was an Initiate of Vehumet.
             Slain by a scorpion (5 damage)
             ... on level 6 of the Dungeon.
             The game lasted 00:07:48 (1132 turns).

hawla the Firebug (Meteoran Fire Elementalist)      Turns: 1132, Time: 00:07:49

Health: -1/58      AC:  2    Str:  9    XL:     8   Next: 63%
Magic:  2/17       EV: 13    Int: 20    God:    Vehumet [......]
Gold:   111        SH:  0    Dex: 14    Spells: 9/18 levels left

rFire   . . .        (no weapon)
rCold   . . .        (no shield)
rNeg    . . .        a - +0 robe
rPois   .            (no helmet)
rElec   .            (no cloak)
rCorr   .            (no gloves)
SInv    .            (no boots)
Will    +....        (no amulet)
Stlth   +            (no ring)
HPRegen 0.29/turn    (no ring)
MPRegen 0.15/turn

%: no passive effects
@: glowing
A: sense surroundings 1, otherworldly, glowing, explore regen
a: Renounce Religion


You were on level 6 of the Dungeon.
You worshipped Vehumet.
Vehumet was noncommittal.
You visited 2 branches of the dungeon, and saw 8 of its levels.

You collected 111 gold pieces.

Inventory:

Armour
 a - a +0 robe (worn)
Wands
 b - a wand of paralysis (11) (quivered)
Scrolls
 e - a scroll of identify
Potions
 d - a potion of attraction
 g - a potion of might


   Skills:
 + Level 0.6 Fighting
 + Level 3.4 Dodging
 - Level 1.4 Stealth
 + Level 5.5 Spellcasting
 + Level 6.4 Conjurations
 + Level 1.6 Translocations
 + Level 6.6 Fire Magic
 + Level 3.0 Evocations


You had 9 spell levels left.
You knew the following spells:

 Your Spells              Type           Power      Damage    Failure   Level
a - Foxfire               Conj/Fire      100%       2x1d9     1%          1
b - Scorch                Fire           64%        2d7       1%          2
c - Flame Wave            Conj/Fire      31%        2d9       8%          4
d - Blink                 Tloc           24%        N/A       9%          2

Your spell library contained the following spells:

 Spells                   Type           Power      Damage    Failure   Level
 Volatile Blastmotes      Fire/Tloc      44%        2d13      6%          3
 Inner Flame              Hex/Fire       18%        N/A       9%          3
 Manifold Assault         Tloc           12%        N/A       50%         4
 Storm Form               Tmut/Air       2%         N/A       100%        7


Dungeon Overview and Level Annotations

Branches:
Dungeon (7/15) Zot: 3093   Temple (1/1) D:4 Zot: 573

Altars:
Dithmenos
Elyvilon
Kikubaaqudgha
Makhleb
Nemelex Xobeh
Okawaru
Qazlal
Ru
Vehumet
Wu Jian
The Shining One


Innate Abilities, Weirdness & Mutations

You passively map a small area around you.
You are easily found by Zot.
You glow in the dark.
You regain HP and MP as you explore.


Message History

Confirm with . or Enter, or press ? or * to list all spells.
You conjure some foxfire!
The kobold brigand hits you with a +0 whip.
* * * LOW HITPOINT WARNING * * *
A shadow imp comes into view.
The foxfire hits the kobold brigand.
The kobold brigand is moderately wounded.
The foxfire hits the kobold brigand.
The kobold brigand is moderately wounded.
The kobold brigand barely misses you.
You climb upwards.
There is a stone staircase leading down here.
Casting: Foxfire (safe; 1% risk of failure)
Confirm with . or Enter, or press ? or * to list all spells.
You conjure some foxfire!
The kobold brigand hits you with a +0 whip.
* * * LOW HITPOINT WARNING * * *
Casting: Foxfire (safe; 1% risk of failure)
Confirm with . or Enter, or press ? or * to list all spells.
You conjure some foxfire!
The foxfire hits the kobold brigand.
The kobold brigand is heavily wounded.
The foxfire hits the kobold brigand.
The kobold brigand is heavily wounded.
The kobold brigand hits you with a +0 whip!
* * * LOW HITPOINT WARNING * * *
Okay, then.
As you read the scroll labelled IDDEREPT XUNE, it crumbles to dust.
You feel aware of your surroundings.
You sensed 1 altar.
It was a scroll of magic mapping.
The foxfire hits the kobold brigand but does no damage.
The kobold brigand is heavily wounded.
The foxfire hits the kobold brigand.
The kobold brigand is severely wounded.
The kobold brigand hits you with a +0 whip!
* * * LOW HITPOINT WARNING * * *
As you read the scroll of teleportation, it crumbles to dust.
You feel strangely unstable. The kobold brigand barely misses you.
Your surroundings suddenly seem different.
The scorpion attacks as you move away! The scorpion stings you.
You die...

******,,,,##,* #.####..........
*,,*##..#####..##..........#
*,,##.....K.....##.##...##.#
*,,....8..>..8...'.###.###'# *
*,,##...........#### ####... **
**,*##..#####..### ##.... ,**
##,**##,*#.##.##.## ##.....
,,**##...###+##.##+#...####......
,,+,.......<...s@.........+......
,,**.........##.##.#...##*#......
,***..#..###.##.......## *#.....
** *,,#.,* #.###.#.#.## ##.... *
*,,#*,* #.# #.#....# ##...
*,,**,**#.# #.###..# ##'#
*,,,,,,,..# #.###..# #.#
*****,**### #......# #.# *,*
######.# ##.#


You could see a scorpion.

Vanquished Creatures
  Grinder (D:3)
  Eustachio (D:4)
  Duvessa (D:4)
  A sky beast (D:6)
  An ice beast (D:6)
  A centaur (D:7)
  2 scorpions (D:4)
  Dowan (D:4)
  2 orc priests (D:6)
  Natasha (thrice) (D:4)
  An orc wizard (D:6)
  An adder (D:3)
  2 shadow imps
  An ufetubus (D:5)
  2 orcs (D:6)
  3 endoplasms
  2 hobgoblins
  3 quokkas
  2 ball pythons
  A bat (D:3)
  4 goblins
  4 kobolds
  A rat (D:2)
41 creatures vanquished.

Vanquished Creatures (others)
  109 foxfires
109 creatures vanquished.

Grand Total: 150 creatures vanquished

Notes
Turn   | Place    | Note
-------+----------+-------------------------------------------
     0 | D:1      | hawla the Meteoran Fire Elementalist began the quest for
                  | the Orb.
     0 | D:1      | Reached XP level 1. HP: 14/14 MP: 5/5
   142 | D:3      | Reached XP level 2. HP: 20/20 MP: 4/6
   145 | D:3      | Learned a level 2 spell: Scorch
   188 | D:3      | Reached XP level 3. HP: 26/26 MP: 3/8
   196 | D:4      | Noticed Eustachio
   197 | D:4      | Noticed a scorpion
   201 | D:4      | Killed a scorpion
   202 | D:4      | Reached skill level 5 in Fire Magic
   202 | D:4      | Reached XP level 4. HP: 25/33 MP: 4/10
   226 | D:3      | Found an ancient bone altar of Kikubaaqudgha.
   263 | D:3      | Found a sacrificial altar of Ru.
   301 | D:3      | Reached XP level 5. HP: 34/38 MP: 8/11
   355 | D:4      | Noticed Natasha
   357 | D:4      | Killed Natasha
   414 | D:4      | Noticed Dowan
   415 | D:4      | Noticed Duvessa
   432 | D:3      | Learned a level 4 spell: Flame Wave
   433 | D:3      | Noticed Grinder
   456 | D:3      | Killed Grinder
   457 | D:3      | Reached skill level 5 in Conjurations
   457 | D:3      | Reached XP level 6. HP: 24/45 MP: 4/12
   467 | D:3      | Reached XP level 7. HP: 33/50 MP: 5/13
   558 | D:4      | Killed Duvessa
   563 | D:4      | Killed Dowan
   619 | D:4      | Found a white marble altar of Elyvilon.
   619 | D:4      | Found a burning altar of Makhleb.
   629 | D:4      | Noticed Natasha
   631 | D:4      | Killed Natasha
   671 | D:4      | Noticed Natasha
   674 | D:4      | Killed Natasha
   733 | D:4      | Found an ornate altar of the Wu Jian Council.
   840 | D:4      | Killed Eustachio
   841 | D:4      | Reached XP level 8. HP: 57/57 MP: 13/16
   850 | D:4      | Found a staircase to the Ecumenical Temple.
   859 | Temple   | Entered the Ecumenical Temple
   873 | Temple   | Became a worshipper of Vehumet
   929 | D:5      | Entered Level 5 of the Dungeon
   970 | D:6      | Learned a level 2 spell: Blink
   998 | D:6      | Reached skill level 1 in Translocations
   998 | D:6      | Reached skill level 1 in Evocations
  1096 | D:6      | Reached skill level 5 in Spellcasting
  1118 | D:7      | Noticed a two-headed ogre
  1122 | D:6      | HP: 1/58 [kobold brigand/+0 whip (7)]
  1132 | D:6      | Slain by a scorpion

Illustrated notes

Levels and vault maps discovered:
D:1:      dpeg_arrival_signposts, layout_basic, serial_shops, shop,
          ebering_dispersal_statue_hall, grunt_decor_mini_mirrors
D:2:      layout_loops_ring, serial_shops, nicolae_shop_tiny_statue_garden,
          kennysheep_minor_cross, minmay_misc_feat_room, st_stairs_1,
          grunt_ministairs_7, hex_large
D:3:      layout_basic, kiku_gazebo_garden_becter, mainiacjoe_overflow_paths,
          ebering_ghost_rock_garden, serial_aquarium,
          aquarium_bridge_island_small [aquarium_subvault_small_open,
          aquarium_subvault_wall, aquarium_subvault_bridge,
          aquarium_subvault_window, aquarium_subvault_bridge],
          aquarium_window_fake, aquarium_window_fake, aquarium_window_fake,
          aquarium_window_3, aquarium_view_2d, aquarium_view_2e, uniq_grinder
D:4:      black_bear_nest_2, layout_cave_pools, gammafunk_temple_overflow_wave,
          mainiacjoe_overflow_concentric_impassable, lemuel_temple_firewalk_b,
          kennysheep_nondescript, uniq_natasha, uniq_eustachio, uniq_duvessa
D:5:      layout_gridville, nicolae_ashenzari_skybound
D:6:      layout_loops_corners, lemuel_crystal_altar, grunt_ministairs_15
D:7:      cheibrodos_grave_circle, layout_rooms
Temple:   chequers_temple_sunken

Skill      XL: |  1  2  3  4  5  6  7  8 |
---------------+-------------------------+-----
Fire Magic     | 4 5 6 |  6.6
Spellcasting   | 3 4 5 |  5.5
Dodging        | 3 |  3.4
Conjurations   | 5 6 |  6.4
Translocations | 1 |  1.6
Evocations     | 3 |  3.0
Fighting       | |  0.6
Stealth        | |  1.4

Action                     |  1- 3 |  4- 6 |  7- 9 || total
---------------------------+-------+-------+-------++-------
  Melee: Unarmed           |     1 |       |     5 ||     6
         Punch             |       |       |     1 ||     1
   Cast: Foxfire           |    15 |    13 |    39 ||    67
         Scorch            |     1 |     9 |    17 ||    27
         Flame Wave        |       |       |     2 ||     2
    Use: Potion            |       |     1 |     1 ||     2
         Scroll            |       |       |     9 ||     9
 Armour: Robe              |     2 |       |     3 ||     5
  Dodge: Dodged            |     1 |     6 |    18 ||    25
